 Dungeon Crawl Stone Soup version 0.20.0-1-g1cb1d84 (webtiles) character file.

1026 Inarius the Magician (level 8, 0/60 HPs)
             Began as a Pale Draconian Venom Mage on May 26, 2017.
             Slain by an orc warrior
             ... wielding a +0 long sword
              (14 damage)
             ... on level 6 of the Dungeon.
             The game lasted 00:20:57 (6268 turns).

Inarius the Magician (Pale Draconian Venom Mage)    Turns: 6268, Time: 00:20:58

Health: 0/60       AC: 14    Str: 12    XL:     8   Next: 2%
Magic:  2/15       EV: 13    Int: 17    God:
Gold:   342        SH:  0    Dex: 11    Spells: 1/17 levels left

rFire    . . .     SeeInvis .   j - +2 dagger (protect)
rCold    . . .     Gourm    .   (no shield)
rNeg     . . .     Faith    .   (armour unavailable)
rPois    .         Spirit   .   (helmet restricted)
rElec    .         Reflect  .   e - +0 cloak
rCorr    .         Harm     .   (no gloves)
MR       .....                  (no boots)
Stlth    ++........             (no amulet)
Regen    0.2/turn               (no ring)
MPRegen  0.2/turn               (no ring)

@: protection aura
A: breathe steam, unfitting armour, cold-blooded, AC +6
a: Breathe Steam


You were on level 6 of the Dungeon.
You were hungry.

You visited 1 branch of the dungeon, and saw 7 of its levels.

You collected 342 gold pieces.

Inventory:

Hand Weapons
 j - a +2 dagger of protection (weapon)
 k - a +2 dagger of freezing
 o - a +2 dagger of speed
Armour
 e - a +0 cloak (worn)
Wands
 x - a wand of paralysis (13/24)
Scrolls
 c - 5 scrolls of enchant weapon {unknown}
 g - 4 scrolls of remove curse
 i - a scroll of enchant armour {unknown}
 q - a scroll of immolation {unknown}
 r - 3 scrolls of teleportation {unknown}
 w - a scroll of fear {unknown}
Potions
 d - 3 potions of heal wounds
 f - 3 potions of might
 n - a potion of curing
 p - a potion of haste {unknown}
 t - 2 potions of flight {unknown}
 v - 3 potions of brilliance {unknown}
Books
 a - a Young Poisoner's Handbook

   Spells                             Type                      Level
   a - Sting                          Conjuration/Poison           1
   b - Poisonous Vapours              Poison/Air                   2
   c - Mephitic Cloud                 Conjuration/Poison/Air       3
   d - Olgreb's Toxic Radiance        Poison                       4
   e - Venom Bolt                     Conjuration/Poison           5
 u - a book of Maledictions

   Spells                             Type                      Level
   a - Corona                         Hexes                        1
   b - Ensorcelled Hibernation        Hexes/Ice                    2
   c - Confuse                        Hexes                        3
   d - Tukima's Dance                 Hexes                        3
   e - Dazzling Spray                 Conjuration/Hexes            3
Comestibles
 b - 4 bread rations
 h - 2 fruits
 l - 4 meat rations
 m - 2 royal jellies


   Skills:
 + Level 1.6 Fighting
 + Level 2.8 Dodging
 - Level 2.0 Stealth
 + Level 5.2 Spellcasting
 * Level 2.2 Conjurations
 * Level 0.6 Hexes
 + Level 4.8 Air Magic
 + Level 5.2 Poison Magic


You had one spell level left.
You knew the following spells:

 Your Spells              Type           Power        Failure   Level  Hunger
a - Sting                 Conj/Pois      ###.         3%          1    None
b - Poisonous Vapours     Pois/Air       ###...       2%          2    #......
c - Olgreb's Toxic Radia  Pois           ###.....     16%         4    ####...
d - Corona                Hex            #......      11%         1    None
e - Venom Bolt            Conj/Pois      ###.......   63%         5    ######.
f - Tukima's Dance        Hex            #.......     32%         3    ###....


Dungeon Overview and Level Annotations

Branches:
Dungeon (7/15)             Temple (0/1) D:7

Altars:
Ashenzari
Gozag
Okawaru
Ru
Trog
Yredelemnul


Innate Abilities, Weirdness & Mutations

You can breathe blasts of scalding, opaque steam.
Your pale cyan-grey scales are hard. (AC +6)
You cannot fit into any form of body armour.
You are cold-blooded and may be slowed by cold attacks.


Message History

Reactivating autopickup.
You feel a bit more experienced. The orc warrior closely misses you.
A quokka skeleton comes into view.
You hit the orc warrior but do no damage.
You tail-slap the orc warrior, but do no damage.
The orc warrior is severely wounded.
You barely miss the orc warrior.
The orc warrior is severely wounded.
The orc warrior hits you with a long sword!
You hit the orc warrior.
The orc warrior is almost dead.
The orc warrior closely misses you.
The orc warrior hits you with a long sword!
* * * LOW HITPOINT WARNING * * *
You climb upwards.
There is a stone staircase leading down here.
You closely miss the orc warrior.
The orc warrior is almost dead.
The orc warrior hits you with a long sword!
You die...

####### ##############.....#
####### .............#.....#
#.....# .............#.....#
#.(...# .............#.....#
#.....# .............#.....#
##...## .............#.....#
##...## ..(...##.....#.....#
#.....# ......##.....#..@o.#
#.....#
(.....#......#.....########....#
......#......##'###.......#....#
..(...#.....^.....#.......#....#
......#...........#.......#....#
#.)...#......)....#.......#....#
#.....#...........#.......#'#####
#.....##..........#..............
#.....##..........#..............


You could see an orc warrior.

Vanquished Creatures
  2 black bears
  An ogre (D:4)
  A centaur (D:6)
  A scorpion (D:6)
  A centaur skeleton (D:6)
  2 hounds
  2 orc priests
  6 orc wizards
  A worker ant (D:3)
  A hound skeleton (D:6)
  6 gnolls
  A howler monkey skeleton (D:4)
  7 adders
  An ooze (D:2)
  An adder zombie (D:5)
  2 dart slugs
  4 leopard geckos
  30 orcs
  7 giant cockroaches
  9 goblins
  7 hobgoblins
  7 jackals (D:1)
  3 quokkas
  2 ball pythons
  6 bats
  3 frilled lizards
  8 kobolds
  5 rats
127 creatures vanquished.

Notes
Turn   | Place    | Note
-------+----------+-------------------------------------------
     0 | D:1      | Inarius the Draconian Venom Mage began the quest for the Orb.
     0 | D:1      | Reached XP level 1. HP: 14/14 MP: 3/3
   607 | D:1      | Reached XP level 2. HP: 17/20 MP: 3/5
   615 | D:1      | Learned a level 2 spell: Poisonous Vapours
  1047 | D:2      | Found a sacrificial altar of Ru.
  1053 | D:2      | Reached XP level 3. HP: 21/26 MP: 3/6
  1548 | D:2      | Found a shattered altar of Ashenzari.
  1913 | D:2      | Found a basalt altar of Yredelemnul.
  1913 | D:2      | Found an iron altar of Okawaru.
  1972 | D:3      | Reached XP level 4. HP: 22/34 MP: 1/8
  2219 | D:2      | Learned a level 4 spell: Olgreb's Toxic Radiance
  2254 | D:3      | Reached skill level 1 in Fighting
  2254 | D:3      | Reached skill level 1 in Air Magic
  2554 | D:3      | Reached XP level 5. HP: 40/40 MP: 6/10
  3403 | D:4      | Learned a level 1 spell: Corona
  3573 | D:4      | Reached XP level 6. HP: 41/47 MP: 1/11
  4522 | D:5      | Entered Level 5 of the Dungeon
  4695 | D:5      | Found a bloodstained altar of Trog.
  4868 | D:5      | Your scales start taking on a pale cyan-grey colour.
  4868 | D:5      | Reached XP level 7. HP: 34/52 MP: 5/13
  5530 | D:6      | Found an opulent altar of Gozag.
  5867 | D:6      | Reached skill level 5 in Poison Magic
  5956 | D:6      | Learned a level 5 spell: Venom Bolt
  5972 | D:6      | Reached skill level 5 in Spellcasting
  6229 | D:6      | Learned a level 3 spell: Tukima's Dance
  6253 | D:7      | Found a staircase to the Ecumenical Temple.
  6260 | D:7      | Reached XP level 8. HP: 41/60 MP: 0/15
  6268 | D:6      | Slain by an orc warrior

Skill      XL: |  1  2  3  4  5  6  7 |
---------------+----------------------+-----
Stealth        | 2 |  2.0
Dodging        | 2 |  2.8
Fighting       | 1 |  1.6
Spellcasting   | 3 4 5 |  5.2
Air Magic      | 1 2 4 |  4.8
Poison Magic   | 4 5 |  5.2
Conjurations   | 2 |  2.2
Hexes          | |  0.6

Action                   |  1- 3 |  4- 6 |  7- 9 || total
-------------------------+-------+-------+-------++-------
Melee: Short sword       |    20 |       |       ||    20
       Tailslap          |     6 |    13 |     7 ||    26
       Rapier            |    23 |       |       ||    23
       Dagger            |    14 |   108 |    59 ||   181
 Cast: Sting             |    33 |       |       ||    33
       Poisonous Vapours |    13 |    70 |    24 ||   107
       Olgreb's Toxic Ra |       |     4 |     5 ||     9
  Use: Scroll            |     4 |     1 |       ||     5
 Stab: Sleeping          |       |     2 |       ||     2
  Eat: Chunk             |     4 |    14 |     4 ||    22
       Fruit             |       |       |     1 ||     1
Armor: Skin              |    45 |    46 |    28 ||   119
Dodge: Dodged            |    42 |    60 |    42 ||   144
